 Dungeon Crawl Stone Soup version 0.29.0-15-g675c0067aa (webtiles) character file.

Game seed: 16725972502401362926

8 ra1n577 the Trooper (level 2, -1/24 HPs)
             Began as a Demonspawn Berserker on Sept 11, 2022.
             Was a Follower of Trog.
             Succumbed to a goblin's poison
             ... on level 1 of the Dungeon.
             The game lasted 00:04:12 (756 turns).

ra1n577 the Trooper (Demonspawn Berserker)           Turns: 756, Time: 00:04:13

Health: -1/24      AC:  3    Str: 17    XL:     2   Next: 0%
Magic:  2/2        EV: 12    Int:  8    God:    Trog [*.....]
Gold:   20         SH:  0    Dex: 12    Spells: 1/1 levels left

rFire   . . .      SeeInvis .     - Unarmed
rCold   . . .      Faith    .   (no shield)
rNeg    . . .      Spirit   .   a - +0 animal skin
rPois   .          Reflect  .   (no helmet)
rElec   .          Harm     .   (no cloak)
rCorr   .          Rampage  .   (no gloves)
Will    .....                   (no boots)
Stlth   +.........              (no amulet)
HPRegen 0.08/turn               (no ring)
MPRegen 0.08/turn               (no ring)

@: lethally poisoned (-1 -> -18)
A: sharp scales 1
a: Renounce Religion, Berserk


You were on level 1 of the Dungeon.
You worshipped Trog.
Trog was aware of your devotion.
You visited 1 branch of the dungeon, and saw 1 of its levels.

You collected 20 gold pieces.

Inventory:

Armour
 a - a +0 animal skin (worn)
Scrolls
 d - a scroll of fear {unknown}
Potions
 b - a potion of resistance {unknown}
 c - a potion of berserk rage {unknown}
 e - a potion of brilliance {unknown}


   Skills:
 + Level 3.1 Fighting
 + Level 1.9 Armour
 + Level 1.8 Dodging
 + Level 2.9 Unarmed Combat


You had one spell level left.
You didn't know any spells.
Your spell library was empty.

Dungeon Overview and Level Annotations

Branches:
Dungeon (1/15)

Altars:


Innate Abilities, Weirdness & Mutations

You are partially covered in razor-sharp scales. (AC +1, Slay +1)


Message History

You closely miss the ball python.
The ball python bites you but does no damage.
The ball python closely misses you.
You barely miss the ball python. The ball python completely misses you.
The ball python misses you.
You hit the ball python.
The ball python is moderately wounded.
The ball python barely misses you. The ball python grabs you.
The ball python constricts you.
The goblin hits you with a +0 dagger of venom.
You are poisoned.
You hit the ball python.
The ball python is severely wounded.
You feel sick. The ball python bites you. The ball python constricts you.
The goblin hits you but does no damage. The ball python closely misses you.
The ball python constricts you.
You closely miss the ball python.
The ball python is moderately wounded.
You feel sick.
The goblin hits you with a +0 dagger of venom.
The ball python bites you. The ball python constricts you.
You hit the ball python but do no damage.
The ball python is moderately wounded.
You feel sick. The ball python closely misses you.
The ball python constricts you. The goblin closely misses you.
You hit the ball python.
You kill the ball python!
Trog accepts your kill.
* * * LOW HITPOINT WARNING * * *
You feel sick.
The goblin hits you with a +0 dagger of venom.
* * * LOW HITPOINT WARNING * * *
You are more poisoned.
You have reached level 2!
Your demonic ancestry asserts itself...
Sharp scales grow over part of your body.
You hit the goblin.
You kill the goblin!
Trog accepts your kill.
You die...

.# #...............
.#####.###........#
.........##......##
..............#.#.###
.#####.#.#.....###.. .#
#.#.##...###.# #
.#####.#.##....#.#
.......#.##.#....#
.#######.##.[.#.@#
.#######.######).#
.#.....#.# #..# #
.#.....#.######..###...#
........................
.........#######........
.#.....## #........
.######## #..#.#...
......... #..#.# #P


There were no monsters in sight!

Vanquished Creatures
  2 hobgoblins (D:1)
  3 jackals (D:1)
  A ball python (D:1)
  A frilled lizard (D:1)
  A goblin (D:1)
8 creatures vanquished.

Notes
Turn   | Place    | Note
-------+----------+-------------------------------------------
     0 | D:1      | ra1n577 the Demonspawn Berserker began the quest for the
                  | Orb.
     0 | D:1      | Reached XP level 1. HP: 18/18 MP: 1/1
   756 | D:1      | Gained mutation: You are partially covered in razor-sharp
                  | scales. (AC +1, Slay +1) [demonic ancestry]
   756 | D:1      | Reached XP level 2. HP: 3/24 MP: 2/2
   756 | D:1      | Succumbed to a goblin's poison

Illustrated notes

Levels and vault maps discovered:
D:1:      onia_arrival_mini_spirals, layout_loops_ring,
          shapermc_ecumenical_altar_mp_urbaneastern

Action                   || total
-------------------------++-------
Melee: Unarmed           ||    41
       Punch             ||     1
Armor: Animal skin       ||    10
Dodge: Dodged            ||    32
